 Dungeon Crawl Stone Soup version 0.28-a0-804-g60983d4ba9 (webtiles) character file.

Game seed: 15475348409175552595

32945 ytrimaz the Cleaver (level 13, -4/103 HPs)
             Began as a Demonspawn Berserker on Nov 7, 2021.
             Was an Elder of Trog.
             Slain by a two-headed ogre (24 damage)
             ... on level 13 of the Dungeon.
             The game lasted 00:21:53 (15911 turns).

ytrimaz the Cleaver (Demonspawn Berserker)         Turns: 15911, Time: 00:21:54

Health: -4/103     AC: 16    Str: 24    XL:     13   Next: 34%
Magic:  13/13      EV: 10    Int:  6    God:    Trog [****..]
Gold:   990        SH:  0    Dex: 14    Spells: 12/12 levels left

rFire   . . .      SeeInvis +   p - +3 war axe of Solemn Valiance {flame, Drain rC+ SInv}
rCold   + + +      Faith    .   (no shield)
rNeg    . . .      Spirit   .   D - +1 plate armour of Distant Shores {+Inv rC+ Str+2 SInv}
rPois   .          Reflect  .   j - +2 helmet
rElec   +          Harm     .   (no cloak)
rCorr   .          Rampage  .   (gloves unavailable)
Will    ++...                   f - +1 pair of boots
Stlth   ..........              (no amulet)
HPRegen 1.27/turn               r - ring of flight
MPRegen 0.13/turn               F - ring of protection from cold

@: mighty, strong-willed (expiring), corroded, on berserk cooldown, flying,
regenerating (expiring), slowed, very slow
A: thin metallic scales 3, foul stench 1, powered by pain 2, demonic touch 3,
dopey 1
a: Renounce Religion, Evoke Invisibility, Berserk, Trog's Hand, Brothers in Arms


You were on level 13 of the Dungeon.
You worshipped Trog.
Trog was greatly pleased with you.
You visited 1 branch of the dungeon, and saw 13 of its levels.
You also visited: Ice Cave.

You collected 1362 gold pieces.
You spent 372 gold pieces at shops.

Inventory:

Hand Weapons
 a - a +0 hand axe
 i - a +3 short sword of speed
 p - the +3 war axe of Solemn Valiance (weapon) {flame, Drain rC+ SInv}
   (You bought it in a shop on level 5 of the Dungeon)

   It burns those it strikes, dealing additional fire damage.
   Big, fiery blades are also staple armaments of hydra-hunters.
   rC:        It protects you from cold.
   SInv:      It lets you see invisible.
   Drain:     It drains your maximum health when unequipped.
 E - a +3 battleaxe of freezing
Missiles
 J - 2 throwing nets
Armour
 f - a +1 pair of boots (worn)
 j - a +2 helmet (worn)
 n - quicksilver dragon scales
 w - +0 steam dragon scales
 D - the +1 plate armour of Distant Shores (worn) {+Inv rC+ Str+2 SInv}
   (You found it on level 10 of the Dungeon)

   Str:       It affects your strength (+2).
   rC:        It protects you from cold.
   SInv:      It lets you see invisible.
   +Inv:      It lets you turn invisible.
Jewellery
 r - a ring of flight (left hand)
 C - a ring of see invisible
 F - a ring of protection from cold (right hand)
Wands
 l - a wand of flame (49)
 o - a wand of paralysis (6) (quivered)
 z - a wand of digging (5)
 B - a wand of mindburst (18)
 I - a wand of acid (1)
Scrolls
 b - a scroll of silence
 d - 2 scrolls of teleportation
 h - a scroll of noise
 v - 2 scrolls of immolation
 y - 2 scrolls of fear
 G - a scroll of enchant weapon
 H - a scroll of blinking {unknown}
 K - a scroll of identify
Potions
 c - 2 potions of invisibility
 e - 6 potions of lignification
 g - 4 potions of heal wounds
 k - 4 potions of curing
 m - a potion of mutation
 q - a potion of flight
 s - 4 potions of haste
 t - 3 potions of might
 u - a potion of cancellation {unknown}
 x - a potion of experience {unknown}
 A - a potion of magic {unknown}


   Skills:
 * Level 10.3 Fighting
 - Level 7.8 Short Blades
 * Level 13.5 Axes
 * Level 9.1 Armour
 * Level 8.0 Dodging


You had 12 spell levels left.
You didn't know any spells.
Your spell library was empty.

Dungeon Overview and Level Annotations

Branches:
Dungeon (13/15)            Temple (0/1) D:4            Lair (0/6) D:9
    Orc (0/2) D:12         Vaults (0/5) D:13          IceCv (visited)

Altars:
Ashenzari
Cheibriados
Dithmenos
Gozag
Nemelex Xobeh
Okawaru
Qazlal
Ru
Sif Muna
Trog

Shops:
D:1 *   D:5 (   D:11 :=   D:12 *


Innate Abilities, Weirdness & Mutations

You are completely covered in thin metallic scales. (AC +4, rElec)
You may rarely emit foul miasma when damaged in melee.
You sometimes gain power by taking damage.
Your touch may irresistibly damage your foes and sap their willpower.
You are dopey. (Int -2)


Message History

The kobold demonologist is moderately wounded.
You hit the neqoxec. You burn the neqoxec.
The kobold demonologist hits you but does no damage.
The neqoxec hits you.
* * * LOW HITPOINT WARNING * * *
You barely miss the kobold demonologist.
The kobold demonologist is moderately wounded.
You slash the neqoxec! You burn the neqoxec.
You kill the neqoxec!
The neqoxec disappears in a puff of smoke!
The kobold demonologist mumbles some strange words.
You slash the kobold demonologist! You burn the kobold demonologist!
You touch the kobold demonologist!
You kill the kobold demonologist!
Trog accepts your kill.
Trog appreciates your killing of a magic user.
The ice devil disappears in a puff of smoke!
The iron imp disappears in a puff of smoke!
The barbs in your skin will harm you if you move.
Continue?
Okay, then.
Unknown command.
Unknown command.
You swing at nothing.
You rip and tear the barbed spikes from your body.
You swing at nothing.
You feel a strong urge to attack something.
You hit the two-headed ogre but do no damage.
You slice the two-headed ogre!! You burn the two-headed ogre.
Your touch misses the two-headed ogre.
The two-headed ogre is heavily wounded.
You are no longer berserk.
You are exhausted.
You feel yourself slow down.
The two-headed ogre hits you but does no damage.
The two-headed ogre barely misses you.
You hit the two-headed ogre. You burn the two-headed ogre.
The two-headed ogre is heavily wounded.
You feel the effects of Trog's Hand fading.
The two-headed ogre hits you with a +0 giant club!!
You die...

. #.# ###. #.# #.. #.#
##+#### ##'##### #.#
....... #......# #.#
...>... #......### #.#
.....3. #####......'.###.#
.......###...'......#...#..
.......KKO@###......###....
..)....##### #.....)# #####
####### ########


You could see a two-headed ogre, a kobold brigand and a kobold.

Vanquished Creatures
  A frost giant (IceCv)
  Josephine (D:12)
  A fire dragon (D:13)
  Harold (D:8)
  An ogre mage (D:12)
  5 two-headed ogres
  3 centaur warriors
  A boulder beetle (D:12)
  6 death yaks (IceCv)
  Pikel (D:5)
  A deep elf pyromancer (D:13)
  3 ugly things
  A cyclops (D:12)
  2 manticores
  Joseph (D:7)
  A gargoyle (D:7)
  An ice statue (IceCv)
  An unseen horror (D:11)
  7 rime drakes (IceCv)
  2 kobold demonologists (D:13)
  A komodo dragon (D:10)
  2 ice devils (D:12)
  2 trolls
  5 polar bears (IceCv)
  Prince Ribbit (D:5)
  Grinder (D:5)
  6 slime creatures (D:12)
  Sigmund (D:2)
  A shadow (D:11)
  3 wraiths
  3 vampires
  17 yaks
  A wyvern (D:9)
  3 steam dragons
  9 vampire mosquitoes
  A basilisk (D:12)
  Edmund (D:6)
  2 wargs (D:12)
  3 orc warriors
  2 water moccasins
  A black bear (D:7)
  An ice beast (D:7)
  7 centaurs
  3 ogres (D:12)
  A phantom (D:5)
  10 wolves (IceCv)
  A kobold brigand (D:8)
  A bullfrog (D:7)
  2 gnoll sergeants
  3 scorpions
  A wyvern skeleton (D:6)
  7 wights (D:8)
  6 killer bees (D:7)
  5 howler monkeys
  5 centaur zombies
  Crazy Yiuf (D:6)
  9 orc priests
  A centaur skeleton (D:7)
  4 orc wizards
  2 iguanas
  2 hound zombies (D:5)
  A hound skeleton (D:4)
  A howler monkey zombie (D:9)
  7 adders
  8 gnolls
  4 white imps
  2 worms (D:2)
  2 dart slugs (D:2)
  30 orcs
  7 ball pythons
  6 endoplasms
  7 giant cockroaches
  2 goblins (D:1)
  5 hobgoblins
  4 jackals (D:3)
  14 kobolds
  3 quokkas
  5 bats
  3 frilled lizards
  7 rats
297 creatures vanquished.

Vanquished Creatures (others)
  5 fungi
  5 toadstools (D:1)
10 creatures vanquished.

Grand Total: 307 creatures vanquished

Notes
Turn   | Place    | Note
-------+----------+-------------------------------------------
     0 | D:1      | ytrimaz the Demonspawn Berserker began the quest for the
                  | Orb.
     0 | D:1      | Reached XP level 1. HP: 18/18 MP: 1/1
   298 | D:1      | Gained mutation: You are partially covered in thin metallic
                  | scales. (AC +2) [demonic ancestry]
   298 | D:1      | Reached XP level 2. HP: 14/24 MP: 2/2
   430 | D:1      | Reached skill level 3 in Axes
   607 | D:1      | Found Oddia's Assorted Antiques.
   975 | D:1      | Reached ** piety under Trog
  1062 | D:1      | Reached XP level 3. HP: 29/29 MP: 3/3
  1132 | D:1      | Identified a scroll of acquirement
  1132 | D:1      | Acquired 467 gold pieces
  1197 | D:2      | Noticed Sigmund
  1227 | D:2      | Killed Sigmund
  1228 | D:2      | Gained mutation: You sometimes gain a little power by
                  | taking damage. [demonic ancestry]
  1228 | D:2      | Reached XP level 4. HP: 23/37 MP: 4/4
  1228 | D:2      | Gained mutation: You sometimes gain power by taking damage.
                  | [demonic ancestry]
  1228 | D:2      | Reached XP level 5. HP: 26/42 MP: 5/5
  1751 | D:2      | Found an iron altar of Okawaru.
  2114 | D:2      | Found a faded altar of an unknown god.
  2592 | D:3      | Gained mutation: Your touch may inflict minor irresistible
                  | damage on your foes. [demonic ancestry]
  2592 | D:3      | Reached XP level 6. HP: 45/48 MP: 6/6
  2967 | D:3      | Found a shimmering blue altar of Sif Muna.
  2967 | D:3      | Found a stormy altar of Qazlal.
  3427 | D:4      | Found a staircase to the Ecumenical Temple.
  3624 | D:4      | Found a shadowy altar of Dithmenos.
  3630 | D:4      | Found a snail-covered altar of Cheibriados.
  3677 | D:4      | Reached *** piety under Trog
  3709 | D:4      | Found an opulent altar of Gozag.
  4178 | D:5      | Entered Level 5 of the Dungeon
  4207 | D:5      | Noticed a water moccasin
  4220 | D:5      | Killed a water moccasin
  4221 | D:5      | Gained mutation: You may rarely emit foul miasma when
                  | damaged in melee. [demonic ancestry]
  4221 | D:5      | Reached XP level 7. HP: 54/54 MP: 7/7
  4363 | D:5      | Found a broken altar of Ashenzari.
  4367 | D:5      | Saw a vision of the Shoals and the Snake Pit.
  4367 | D:5      | Noticed a merfolk
  4367 | D:5      | Noticed a black mamba
  4367 | D:5      | Noticed a black mamba
  4367 | D:5      | Noticed a merfolk siren
  4367 | D:5      | Noticed a shock serpent
  4367 | D:5      | Noticed a merfolk siren
  4367 | D:5      | Noticed a mana viper
  4367 | D:5      | Noticed an anaconda
  4367 | D:5      | Noticed a naga mage
  4367 | D:5      | Noticed a yak
  4368 | D:5      | Noticed a naga mage
  4368 | D:5      | Noticed a yak
  4368 | D:5      | Noticed a yak
  4369 | D:5      | Noticed a yak
  4369 | D:5      | Noticed a yak
  4390 | D:5      | Killed a yak
  4395 | D:5      | Killed a yak
  4396 | D:5      | Reached skill level 5 in Short Blades
  4404 | D:5      | Killed a yak
  4410 | D:5      | Killed a yak
  4411 | D:5      | Reached XP level 8. HP: 61/61 MP: 8/8
  4546 | D:5      | Noticed Grinder
  4571 | D:5      | Killed Grinder
  4616 | D:5      | Noticed Pikel
  4628 | D:5      | Killed Pikel
  4629 | D:5      | Reached skill level 5 in Armour
  4635 | D:5      | Gained mutation: You are mostly covered in thin metallic
                  | scales. (AC +3) [demonic ancestry]
  4635 | D:5      | Reached XP level 9. HP: 67/67 MP: 9/9
  4678 | D:5      | Found Vixtar's Weapon Boutique.
  4686 | D:5      | Bought the +3 war axe of Solemn Valiance {flame, Drain rC+
                  | SInv} for 372 gold pieces
  4749 | D:5      | Noticed Prince Ribbit
  4761 | D:5      | Killed Prince Ribbit
  4762 | D:5      | Reached skill level 5 in Fighting
  5888 | D:6      | Reached skill level 4 in Axes
  6166 | D:6      | Found a runed translucent door.
  6167 | D:6      | Noticed Crazy Yiuf
  6262 | D:6      | Noticed Edmund
  6274 | D:6      | Killed Edmund
  6428 | D:6      | Killed Crazy Yiuf
  6506 | D:7      | Noticed a gargoyle
  6514 | D:7      | Killed a gargoyle
  6515 | D:7      | Reached skill level 5 in Dodging
  6585 | D:7      | Reached skill level 5 in Axes
  6708 | D:7      | Found a sacrificial altar of Ru.
  6712 | D:7      | Found a sparkling altar of Nemelex Xobeh.
  6717 | D:7      | Found a bloodstained altar of Trog.
  6762 | D:7      | Noticed Joseph
  6781 | D:7      | Killed Joseph
  6857 | D:7      | Reached skill level 6 in Axes
  6888 | D:7      | Gained mutation: You are completely covered in thin
                  | metallic scales. (AC +4, rElec) [demonic ancestry]
  6888 | D:7      | Reached XP level 10. HP: 76/76 MP: 10/10
  7304 | D:7      | Gained mutation: You are dopey. (Int -2) [potion of
                  | mutation]
  7363 | D:8      | Noticed a centaur warrior
  7374 | D:8      | Killed a centaur warrior
  7375 | D:8      | Reached skill level 7 in Axes
  7600 | D:8      | Noticed Harold
  7615 | D:8      | Killed Harold
  8083 | D:8      | Reached skill level 8 in Axes
  8959 | D:8      | Identified the +4 chain mail of the Equinox {-Tele rN++
                  | rCorr}
  9477 | D:9      | Found a staircase to the Lair.
  9838 | D:10     | Entered Level 10 of the Dungeon
  9838 | D:10     | Noticed a centaur warrior
  9851 | D:10     | Killed a centaur warrior
  9852 | D:10     | Gained mutation: Your touch may inflict irresistible damage
                  | on your foes. [demonic ancestry]
  9852 | D:10     | Reached XP level 11. HP: 47/84 MP: 11/11
  9857 | D:10     | Reached skill level 9 in Axes
 10370 | D:10     | Identified the +1 plate armour of Distant Shores {+Inv rC+
                  | Str+2 SInv}
 10516 | D:10     | You are sucked into a shaft and drop 1 floor!
 10896 | D:11     | Reached **** piety under Trog
 11138 | D:11     | Found Xaall's Jewellery Shoppe.
 11200 | D:11     | Noticed a two-headed ogre
 11208 | D:11     | Killed a two-headed ogre
 11314 | D:11     | Found Poplun's Book Shop.
 11535 | D:12     | Reached skill level 10 in Axes
 11586 | D:12     | Noticed a boulder beetle
 11605 | D:12     | Killed a boulder beetle
 11786 | D:12     | Noticed a green ugly thing
 11792 | D:12     | Noticed a cyan ugly thing
 11794 | D:12     | Noticed Josephine
 11804 | D:12     | Killed Josephine
 11808 | D:12     | Killed a green ugly thing
 11814 | D:12     | Killed a cyan ugly thing
 11819 | D:12     | Noticed a two-headed ogre
 11820 | D:12     | Noticed a two-headed ogre
 11825 | D:12     | Found a staircase to the Orcish Mines.
 11884 | D:12     | Killed a two-headed ogre
 11886 | D:12     | Reached skill level 11 in Axes
 11886 | D:12     | Killed a two-headed ogre
 11887 | D:12     | Gained mutation: Your touch may irresistibly damage your
                  | foes and sap their willpower. [demonic ancestry]
 11887 | D:12     | Reached XP level 12. HP: 23/94 MP: 12/12
 12011 | D:12     | Noticed an ogre mage
 12020 | D:12     | Noticed a two-headed ogre
 12028 | D:12     | Killed an ogre mage
 12030 | D:12     | Killed a two-headed ogre
 12031 | D:12     | Found Mati's Changing Room.
 12211 | D:12     | Found a frozen archway.
 12252 | IceCv    | Entered an ice cave
 12703 | IceCv    | Noticed a death yak
 12704 | IceCv    | Noticed a death yak
 12728 | IceCv    | Killed a death yak
 12729 | IceCv    | Reached skill level 12 in Axes
 12732 | IceCv    | Killed a death yak
 13142 | IceCv    | Noticed a death yak
 13148 | IceCv    | Noticed a death yak
 13164 | IceCv    | Killed a death yak
 13169 | IceCv    | Killed a death yak
 13391 | IceCv    | Noticed a death yak
 13391 | IceCv    | Noticed a frost giant
 13529 | IceCv    | Killed a death yak
 13536 | IceCv    | Killed a frost giant
 14006 | IceCv    | Noticed a death yak
 14014 | IceCv    | Killed a death yak
 14020 | IceCv    | Reached skill level 13 in Axes
 14020 | IceCv    | Reached XP level 13. HP: 101/103 MP: 13/13
 14554 | D:12     | Reached skill level 10 in Fighting
 15526 | D:13     | Noticed a fire dragon
 15540 | D:13     | Killed a fire dragon
 15548 | D:13     | Identified the +9 hand crossbow "Demon's Funeral" {penet,
                  | rPois Will+ Str-3}
 15790 | D:13     | Found a gate to the Vaults.
 15911 | D:13     | Slain by a two-headed ogre

Illustrated notes

Levels and vault maps discovered:
D:1:      ldierk_walled_garden, layout_rooms, serial_shops, nicolae_square_shop,
          minmay_shallow_snake_nest
D:2:      layout_loops_ring, basic_ecumenical_altar, basic_altar,
          hangedman_decor_opposing, uniq_sigmund
D:3:      layout_basic, amethyst_overflow_temple_binary
D:4:      layout_rooms, grunt_gozag_statues, mainiacjoe_overflow_catch_the_wave,
          minmay_temple_entry_junction_2
D:5:      layout_basic, grunt_ashenzari_visionary
          [grunt_ashenzari_visionary_shoals, grunt_ashenzari_visionary_snake],
          serial_shops, nicolae_shop_waterfront, serial_glass, glass_columns_c,
          glass_columns_b, uniq_grinder, uniq_prince_ribbit1, uniq_pikel
D:6:      kennysheep_steamy, layout_loops_cross, uniq_crazy_yiuf_cottage,
          uniq_edmund
D:7:      layout_loops_ring, grunt_temple_overflow_diamond, uniq_joseph
D:8:      layout_basic, chequers_serial_rivers_room_a,
          chequers_serial_rivers_large_b, kennysheep_generic_room_6, uniq_harold
D:9:      layout_rooms, lair_entry_dummy
D:10:     layout_long_grid
D:11:     layout_cave_pools, serial_shops, shop_fountains, shop, serial_glass,
          glass_columns_a, glass_columns_b
D:12:     layout_basic, david_orc_1_choice, portal_ice_cave_demonic_guard,
          nicolae_transmutations_shop, hangedman_decor_growths, st_stairs_12,
          uniq_josephine
D:13:     layout_roguey, david_vaults_4

Skill      XL: |  1  2  3  4  5  6  7  8  9 10 11 12 13 |
---------------+----------------------------------------+-----
Axes           | 3 6 8 11 13 | 13.5
Dodging        | 2 3 4 5 6 7 8 |  8.0
Armour         | 2 3 4 5 6 7 8 9 |  9.1
Short Blades   | 2 4 5 7 |  7.8
Fighting       | 4 6 7 8 9 10 | 10.3

Action                   |  1- 3 |  4- 6 |  7- 9 | 10-12 | 13-15 || total
-------------------------+-------+-------+-------+-------+-------++-------
Melee: Hand axe          |    52 |       |       |       |       ||    52
       Short sword       |    58 |   178 |    75 |       |       ||   311
       Touch             |       |    10 |    32 |    91 |    24 ||   157
       War axe           |       |       |   114 |   438 |   143 ||   695
Invok: Berserk           |     2 |     4 |     6 |     9 |     1 ||    22
       Trog's Hand       |     1 |     4 |     5 |     7 |     2 ||    19
  Use: Scroll            |     3 |     7 |     5 |     7 |     2 ||    24
       Potion            |       |       |       |     1 |       ||     1
Armor: Animal skin       |    20 |       |       |       |       ||    20
       Ring mail         |    25 |    17 |       |       |       ||    42
       Quicksilver drago |       |    35 |    97 |   238 |       ||   370
       Plate armour      |       |       |       |   106 |   109 ||   215
Dodge: Dodged            |    67 |    75 |   108 |   370 |    77 ||   697

Table legend: (Time is in decaauts)
 A = Elapsed time spent in this place.
 B = Non-inter-level travel time spent in this place.
 C = Inter-level travel time spent in this place.
 D = Time resting spent in this place.
 E = Time spent auto-exploring this place.
 F = Levels seen in this place.
 G = Mean time per level.
                   A        B        C        D        E       F      G
               +--------+--------+--------+--------+--------+-----+--------+
         Total |  16001 |  15680 |    321 |   4078 |   9022 |  14 | 1142.9 |
       Dungeon |  13984 |  13663 |    321 |   2771 |   8581 |  13 | 1075.7 |
      Ice Cave |   2017 |   2017 |      0 |   1306 |    441 |   1 | 2017.0 |
               +--------+--------+--------+--------+--------+-----+--------+

Top non-repeatable levels by time:
   IceCv: 2017 daAuts
     D:8: 1995 daAuts
    D:12: 1687 daAuts
     D:5: 1174 daAuts
     D:2: 1174 daAuts
     D:6: 1170 daAuts
     D:1: 1151 daAuts
     D:3: 980 daAuts
    D:11: 886 daAuts
     D:7: 867 daAuts
     D:4: 858 daAuts
    D:10: 800 daAuts
    D:13: 701 daAuts
     D:9: 537 daAuts
